 Dungeon Crawl Stone Soup version 0.31-a0-705-ga145531891 (webtiles) character file.

Game seed: 10712554072655189835

7723 qw the Skirmisher (level 11, 0/71 HPs)
             Began as a Gargoyle Hunter on Sept 9, 2023.
             Was a Follower of Okawaru.
             Killed from afar by an oklob plant (1 damage)
             ... with a splash of acid
             ... on level 10 of the Dungeon.
             The game lasted 00:05:17 (9827 turns).

qw the Skirmisher (Gargoyle Hunter)                 Turns: 9827, Time: 00:05:17

Health: 0/71       AC: 17    Str: 14    XL:     11   Next: 19%
Magic:  14/14      EV: 14    Int: 11    God:    Okawaru [*.....]
Gold:   430        SH:  0    Dex: 17    Spells: 10/10 levels left

rFire   + . .        n - +0 orcbow
rCold   + . .        (shield currently unavailable)
rNeg    + . .        c - +1 steam dragon scales
rPois   inf          f - +0 helmet
rElec   +            (no cloak)
rCorr   .            l - +0 pair of gloves of the Trees {Rampage rC+ Slay+3}
SInv    .            j - +3 pair of mountain boots {steadfast, rC+}
Will    .....        h - amulet of faith
Stlth   +            d - +1 ring of slaying {mikee}
HPRegen 0.31/turn    m - ring of fire
MPRegen 0.14/turn

%: rampage, faith
@: about to teleport, corroded, very slow
A: sickness immunity, AC +8, negative energy resistance 1, electricity
resistance, torment resistance 1, petrification resistance
a: Renounce Religion, Heroism


You were on level 10 of the Dungeon.
You worshipped Okawaru.
Okawaru was aware of your devotion.
You visited 2 branches of the dungeon, and saw 11 of its levels.
You also visited: Ossuary.

You collected 595 gold pieces.
You spent 165 gold pieces at shops.


Innate Abilities, Weirdness & Mutations

You are immune to sickness and miasma.
Your stone body is resilient. (AC +8)
You are immune to poison.
You resist negative energy. (rN+)
You are resistant to electric shocks. (rElec)
You are resistant to unholy torment.
You are immune to petrification.


   Skills:
 - Level 9.2 Fighting
 + Level 13.6 Ranged Weapons
 - Level 4.0 Armour
 - Level 4.0 Dodging
 - Level 1.1 Stealth
 - Level 4.0 Invocations


You had 10 spell levels left.
You didn't know any spells.
Your spell library was empty.

Inventory:

Hand Weapons
 n - a +0 orcbow (weapon)
Armour
 c - +1 steam dragon scales (worn)
 f - a +0 helmet (worn)
 j - the +3 pair of mountain boots (worn) {steadfast, rC+}
   (You acquired it on level 6 of the Dungeon)

   Steadfast: It prevents involuntary movement, except for blinking,
   teleportation, or banishment.
   rC+:       It protects you from cold.
 l - the +0 pair of gloves of the Trees (worn) {Rampage rC+ Slay+3}
   (You acquired it on level 8 of the Dungeon)

   Slay+3:    It affects your accuracy & damage with ranged weapons and melee
   (+3).
   rC+:       It protects you from cold.
   Rampage:   It bestows one free step when moving towards enemies.
Jewellery
 d - a +1 ring of slaying (left hand) {mikee}
 h - an amulet of faith (around neck)
 m - a ring of fire (right hand)
Scrolls
 g - 3 scrolls of identify
Potions
 a - 5 potions of curing
 b - a potion of might
 e - 2 potions of resistance
 i - a potion of heal wounds
 k - 2 potions of haste
 q - a potion of enlightenment

Dungeon Overview and Level Annotations

Branches:
Dungeon (10/15)            Temple (1/1) D:4             Orc (0/2) D:9
Ossuary (visited)
   Lair: D:8-11

Altars:
Ashenzari
Cheibriados
Dithmenos
Elyvilon
Fedhas
Gozag
Hepliaklqana
Kikubaaqudgha
Makhleb
Nemelex Xobeh
Okawaru
Qazlal
Ru
Sif Muna
Trog
Uskayaw
Vehumet
Wu Jian
Xom
Yredelemnul
Zin
The Shining One

Shops:
D:2 ?[   D:5 =

Annotations:
D:10 exclusion: oklob plant


Message History

Enter note:
Enter note:
Enter note:
Enter note: You are caught in the web!
There is a web here.
You disentangle yourself.
Things that are here:
a ball python corpse; a ball python corpse
There is an open door here.
You enter the shallow water.
Moving in this stuff is going to be slow.
k - 2 potions of haste (gained 1) Partly explored, can't reach some items and places.
Enter note:
Enter note:
Enter note:
Enter note: Partly explored, can't reach some items and places.
What level of the Dungeon? (default 11, ? - help) Sorry, I don't know how to get there.
Partly explored, can't reach some items and places.
Enter note:
Enter note:
Enter note:
Enter note: You enter the shallow water.
Moving in this stuff is going to be slow.
The oklob plant spits acid at you. The splash of acid hits you!!
The acid corrodes you! The oklob plant spits acid at you.
The splash of acid hits you!! The oklob plant spits acid at you.
The splash of acid hits you!!
9827 ||| READING scroll of teleportation.
As you read the scroll of teleportation, it crumbles to dust.
You feel strangely unstable. The oklob plant spits acid at you.
The splash of acid hits you.
You die... ###########....>...#...'......... #######'######......... 77777

7777.#####' 777~!.7 7~7777 #. ##7
77~..~P7 7...###### ######
###P777~~~~~~7777.....#>^. .....#
#...7~~~P~~.77~....#.^#...
.....###...7[~~~~~~~7~.......%.^^
............7~~~@~~~7#%...#..#..^
..)..##.....7~~~~~~~~'%......#...
.....####...77~~~~~~7#%.%..######
.....# #...7.777~~77~~~~~..77
###### #.~~7.7..~~7~~~~~~77.77 #
##~~77.7~77777~~~~~7..7 #
##~~P7777 77~~~~77.7 # #777777
###P~~777 #.# ##.#7


You could see an oklob plant.

Vanquished Creatures
  Pikel (D:6)
  An ugly thing (D:9)
  A troll (D:9)
  Grinder (D:6)
  2 hornets (D:10)
  Sigmund (D:6)
  A shadow (D:9)
  3 yaks (D:9)
  2 steam dragons
  Edmund (D:4)
  Duvessa (D:7)
  2 acid dragons (D:10)
  A water moccasin (D:10)
  2 ice beasts
  6 orc warriors
  2 black bears
  2 centaurs
  3 lemures (D:6)
  A phantom (D:5)
  4 kobold brigands
  4 bullfrogs
  3 scorpions
  A wyvern zombie (Ossuary)
  10 wights
  3 water moccasin zombies (Ossuary)
  Dowan (D:7)
  An oklob sapling (D:10)
  6 bullfrog zombies (Ossuary)
  3 centaur zombies (Ossuary)
  5 hounds
  5 orc priests
  3 jellies
  14 mummies (Ossuary)
  A gnoll bouda (D:7)
  An iguana (D:5)
  3 sleepcaps
  8 orc wizards
  4 killer bee zombies (Ossuary)
  4 howler monkey zombies (Ossuary)
  Robin (D:4)
  15 gnolls
  13 adders
  4 white imps
  3 dart slugs (D:1)
  38 orcs
  14 ball pythons
  10 bats
  4 endoplasms
  A giant cockroach (D:1)
  16 goblins
  11 hobgoblins
  2 jackals (D:10)
  5 quokkas
  8 frilled lizards
  26 kobolds
  13 rats
302 creatures vanquished.

Vanquished Creatures (others)
  An orc wizard (D:7)
  A kobold (D:10)
2 creatures vanquished.

Grand Total: 304 creatures vanquished

Notes
Turn   | Place    | Note
-------+----------+-------------------------------------------
     0 | D:1      | qw the Gargoyle Hunter began the quest for the Orb.
     0 | D:1      | Reached XP level 1. HP: 12/12 MP: 1/1
     0 | D:1      | 0 ||| qw: Version: 0.3-a-80-g6052c40
     0 | D:1      | 0 ||| qw: Game counter: 1347
     0 | D:1      | 0 ||| qw: Melee chars always use a shield: true
     0 | D:1      | 0 ||| qw: God list: Okawaru
     0 | D:1      | 0 ||| qw: Allow faded altars: false
     0 | D:1      | 0 ||| qw: Do Orc after clearing Dungeon:15 true
     0 | D:1      | 0 ||| qw: Do second Lair branch before Depths: true
     0 | D:1      | 0 ||| qw: Lair rune preference: random
     0 | D:1      | 0 ||| qw: Goals: Normal
     0 | D:1      | 0 ||| PLANNING D:1-11
    80 | D:1      | Reached XP level 2. HP: 17/17 MP: 2/2
   557 | D:1      | Reached XP level 3. HP: 21/21 MP: 3/3
   595 | D:1      | Reached skill level 5 in Ranged Weapons
  1005 | D:1      | 1005 ||| UPGRADING to +0 ring mail.
  1015 | D:1      | 1015 ||| DROPPING +0 leather armour.
  1016 | D:1      | 1016 ||| READING scroll labelled ZALAEP QIHEMONNOD.
  1020 | D:1      | 1020 ||| READING scroll labelled QECYOKL JIEBOINK.
  1021 | D:1      | 1021 ||| READING 4 scrolls labelled PUTY GI NIU.
  1022 | D:1      | 1022 ||| READING scroll labelled GOUGHE PAFUSUCS.
  1023 | D:1      | 1023 ||| READING scroll labelled FALUETT JOFEY.
  1024 | D:1      | 1024 ||| READING 3 scrolls of identify.
  1024 | D:1      | 1024 ||| IDENTIFYING fizzy clear potion
  1025 | D:1      | 1025 ||| READING 2 scrolls of identify.
  1025 | D:1      | 1025 ||| IDENTIFYING orange potion
  1026 | D:1      | 1026 ||| DROPPING scroll of butterflies.
  1208 | D:2      | Reached skill level 1 in Armour
  1302 | D:2      | Reached XP level 4. HP: 27/27 MP: 4/4
  1309 | D:2      | Reached skill level 3 in Fighting
  1311 | D:2      | Found Tifar's Armour Shop.
  1322 | D:2      | 1322 ||| BUYING +0 pair of boots (45 gold).
  1322 | D:2      | Bought a +0 pair of boots for 45 gold pieces
  1322 | D:2      | 1322 ||| SHOPLISTING +0 ring mail of fire resistance (110
                  | gold, have 52).
  1322 | D:2      | 1322 ||| SHOPLISTING +2 leather armour of fire resistance
                  | (190 gold, have 52).
  1322 | D:2      | 1322 ||| SHOPLISTING +2 robe of willpower (177 gold, have
                  | 52).
  1370 | D:2      | Found Izxon's Magic Scroll Shop.
  1380 | D:2      | 1380 ||| SHOPLISTING scroll of enchant armour (90 gold,
                  | have 52).
  1380 | D:2      | 1380 ||| BUYING scroll of teleportation (36 gold).
  1380 | D:2      | Bought a scroll of teleportation for 36 gold pieces
  1380 | D:2      | 1380 ||| SHOPLISTING scroll of teleportation (36 gold, have
                  | 16).
  1620 | D:2      | 1620 ||| UPGRADING to +0 pair of boots.
  1625 | D:2      | 1625 ||| READING scroll labelled TASHRIN KEFRALUCVUPH.
  1626 | D:2      | 1626 ||| READING scroll labelled OMOXYF MUGEZI.
  1944 | D:3      | 1944 ||| READING scroll of enchant weapon.
  1944 | D:3      | 1944 ||| ENCHANTING +1 shortbow.
  2062 | D:3      | HP: 5/28 [hobgoblin/+0 spear (6)]
  2063 | D:3      | Reached XP level 5. HP: 6/32 MP: 5/5
  2063 | D:3      | 2063 ||| READING scroll of teleportation.
  2064 | D:3      | 2064 ||| DRINKING 2 potions of heal wounds.
  2289 | D:3      | Identified the +1 dagger "Duarep" {heavy, rPois rF+ rC++}
  2322 | D:3      | 2322 ||| READING scroll labelled LOREJI JUPNEDAIHE.
  2342 | D:4      | Noticed Edmund
  2355 | D:4      | HP: 6/32 [Edmund/+1 flail of holy wrath (3)]
  2356 | D:4      | 2356 ||| DRINKING potion of heal wounds.
  2363 | D:4      | Killed Edmund
  2364 | D:4      | Reached skill level 6 in Ranged Weapons
  2364 | D:4      | Reached XP level 6. HP: 29/37 MP: 6/6
  2364 | D:4      | 2364 ||| STAIRDANCE
  2525 | D:4      | Found a staircase to the Ecumenical Temple.
  2526 | D:4      | 2526 ||| PLANNING TEMPLE
  2526 | D:4      | 2526 ||| DROPPING ring of wizardry.
  2538 | Temple   | Entered the Ecumenical Temple
  2539 | Temple   | 2539 ||| PLANNING D:1-11
  2568 | D:4      | Noticed Robin
  2586 | D:4      | Killed Robin
  2726 | D:4      | HP: 8/37 [orc priest/+0 hand axe (3)]
  2727 | D:4      | 2727 ||| READING scroll of teleportation.
  3103 | D:4      | Found a sparkling altar of Nemelex Xobeh.
  3123 | D:4      | Reached skill level 7 in Ranged Weapons
  3206 | D:4      | Found a hide-covered altar of Uskayaw.
  3391 | D:4      | 3391 ||| UPGRADING to +0 helmet.
  3396 | D:4      | 3396 ||| UPGRADING to amulet of faith.
  3401 | D:4      | 3401 ||| READING scroll labelled CAPPID SETAF.
  3502 | D:4      | 3502 ||| READING scroll labelled RYSOAFF QUWNIA.
  3503 | D:4      | 3503 ||| DRINKING 2 amethyst potions.
  3509 | D:5      | Entered Level 5 of the Dungeon
  3512 | D:5      | 3512 ||| STAIRDANCE
  3529 | D:5      | 3529 ||| STAIRDANCE
  3539 | D:4      | Reached XP level 7. HP: 22/43 MP: 7/7
  3626 | D:5      | 3626 ||| STAIRDANCE
  3628 | D:5      | 3628 ||| STAIRDANCE
  3641 | D:5      | 3641 ||| STAIRDANCE
  3651 | D:5      | 3651 ||| STAIRDANCE
  3672 | D:5      | 3672 ||| STAIRDANCE
  3674 | D:5      | 3674 ||| STAIRDANCE
  3748 | D:5      | Found a burning altar of Makhleb.
  3785 | D:5      | Reached skill level 8 in Ranged Weapons
  3818 | D:5      | Identified the +10 spear of Prudence {freeze, Drain rPois
                  | MP+9 SInv}
  3907 | D:5      | 3907 ||| FLEEEEING.
  3908 | D:5      | 3908 ||| FLEEEEING.
  3911 | D:5      | 3911 ||| FLEEEEING.
  3913 | D:5      | 3913 ||| FLEEEEING.
  3914 | D:5      | 3914 ||| FLEEEEING.
  3915 | D:5      | 3915 ||| FLEEEEING.
  3916 | D:5      | 3916 ||| FLEEEEING.
  3917 | D:5      | 3917 ||| FLEEEEING.
  3924 | D:5      | 3924 ||| FLEEEEING.
  3925 | D:5      | 3925 ||| FLEEEEING.
  3926 | D:5      | 3926 ||| STAIRDANCE
  4005 | D:5      | Found Ygeg's One-of-a-Kind Rings.
  4009 | D:5      | Noticed an angel
  4014 | D:5      | 4014 ||| BUYING +1 ring of slaying (84 gold).
  4014 | D:5      | Bought a +1 ring of slaying for 84 gold pieces
  4014 | D:5      | 4014 ||| SHOPLISTING ring "Duhan" {rC+ rN+ rCorr MP+9} (819
                  | gold, have 116).
  4014 | D:5      | 4014 ||| SHOPLISTING ring of the Lobster {Drain Will+ MP+9
                  | Str+3 Int+6} (954 gold, have 116).
  4115 | D:5      | Reached XP level 8. HP: 49/49 MP: 8/8
  4235 | D:5      | Found a shimmering altar of Xom.
  4235 | D:5      | Found a glowing silver altar of Zin.
  4281 | D:5      | 4281 ||| UPGRADING to +1 ring of slaying {mikee}.
  4282 | D:5      | 4282 ||| DRINKING 3 bubbling coppery potions.
  4346 | D:6      | Found a blossoming altar of Fedhas.
  4416 | D:6      | Noticed Pikel
  4417 | D:6      | 4417 ||| Stepping ~*~*~tactically~*~*~ (retreating).
  4419 | D:6      | 4419 ||| Stepping ~*~*~tactically~*~*~ (retreating).
  4420 | D:6      | 4420 ||| Stepping ~*~*~tactically~*~*~ (retreating).
  4421 | D:6      | 4421 ||| Stepping ~*~*~tactically~*~*~ (retreating).
  4439 | D:6      | HP: 11/49 [Pikel/+0 whip of electrocution (6)]
  4440 | D:6      | 4440 ||| READING scroll of teleportation.
  4440 | D:6      | HP: 5/49 [Pikel/+0 whip of electrocution (3)]
  4449 | D:6      | HP: 2/49 [sleepcap (4)]
  4633 | D:6      | Killed Pikel
  4634 | D:6      | Reached skill level 10 in Ranged Weapons
  4673 | D:6      | Noticed Grinder
  4674 | D:6      | Paralysed by Grinder for 4 turns
  4686 | D:6      | 4686 ||| PLANNING D:1-11
  4688 | D:6      | Killed Grinder
  4689 | D:6      | Reached skill level 6 in Fighting
  4741 | D:6      | 4741 ||| FLEEEEING.
  4742 | D:6      | 4742 ||| FLEEEEING.
  4743 | D:6      | 4743 ||| FLEEEEING.
  4744 | D:6      | 4744 ||| FLEEEEING.
  4831 | D:6      | Reached XP level 9. HP: 56/56 MP: 9/9
  4907 | D:6      | Noticed Sigmund
  4914 | D:6      | Killed Sigmund
  4940 | D:6      | HP: 12/56 [orc warrior/+0 short sword (5)]
  4945 | D:6      | HP: 4/56 [orc priest/divine providence (10)]
  5457 | D:6      | 5457 ||| READING scroll labelled CAL IGIARUFEMY.
  5457 | D:6      | Identified a scroll of acquirement
  5457 | D:6      | 5457 ||| ACQUIRING +3 pair of mountain boots {steadfast,
                  | rC+}
  5457 | D:6      | Acquired the +3 pair of mountain boots {steadfast, rC+}
  5457 | D:6      | Found the +3 pair of mountain boots {steadfast, rC+}
  5459 | D:6      | 5459 ||| UPGRADING to +3 pair of mountain boots {steadfast,
                  | rC+}.
  5469 | D:6      | 5469 ||| DROPPING +0 pair of boots.
  5470 | D:6      | 5470 ||| READING 5 scrolls of identify.
  5470 | D:6      | 5470 ||| IDENTIFYING lumpy ruby potion
  5471 | D:6      | 5471 ||| READING 4 scrolls of identify.
  5471 | D:6      | 5471 ||| IDENTIFYING bubbling emerald potion
  5472 | D:6      | 5472 ||| DROPPING potion of brilliance.
  5545 | D:7      | Found a hazy altar of Hepliaklqana.
  5570 | D:7      | 5570 ||| Stepping ~*~*~tactically~*~*~ (retreating).
  5571 | D:7      | 5571 ||| Stepping ~*~*~tactically~*~*~ (retreating).
  5572 | D:7      | 5572 ||| Stepping ~*~*~tactically~*~*~ (retreating).
  5577 | D:7      | 5577 ||| Stepping ~*~*~tactically~*~*~ (retreating).
  5578 | D:7      | 5578 ||| Stepping ~*~*~tactically~*~*~ (retreating).
  5579 | D:7      | 5579 ||| Stepping ~*~*~tactically~*~*~ (retreating).
  5580 | D:7      | 5580 ||| Stepping ~*~*~tactically~*~*~ (retreating).
  5581 | D:7      | 5581 ||| Stepping ~*~*~tactically~*~*~ (retreating).
  5582 | D:7      | 5582 ||| RETREEAATING.
  5583 | D:7      | 5583 ||| Stepping ~*~*~tactically~*~*~ (retreating).
  5589 | D:7      | HP: 12/57 [gnoll/+0 club[a gnoll sergeant] (5)]
  5590 | D:7      | 5590 ||| READING scroll of teleportation.
  5770 | D:7      | 5770 ||| Stepping ~*~*~tactically~*~*~ (retreating).
  5779 | D:7      | 5779 ||| Stepping ~*~*~tactically~*~*~ (retreating).
  5782 | D:7      | Reached skill level 11 in Ranged Weapons
  5905 | D:7      | 5905 ||| RETREEAATING.
  5906 | D:7      | 5906 ||| Stepping ~*~*~tactically~*~*~ (retreating).
  5921 | D:7      | Reached skill level 3 in Dodging
  5927 | D:7      | 5927 ||| FLEEEEING.
  5928 | D:7      | 5928 ||| FLEEEEING.
  5929 | D:7      | 5929 ||| FLEEEEING.
  5930 | D:7      | 5930 ||| FLEEEEING.
  5934 | D:7      | 5934 ||| FLEEEEING.
  5935 | D:7      | 5935 ||| FLEEEEING.
  5936 | D:7      | 5936 ||| FLEEEEING.
  5937 | D:7      | 5937 ||| FLEEEEING.
  5938 | D:7      | 5938 ||| Stepping ~*~*~tactically~*~*~ (cloud).
  5939 | D:7      | 5939 ||| Stepping ~*~*~tactically~*~*~ (cloud).
  5940 | D:7      | 5940 ||| FLEEEEING.
  5941 | D:7      | 5941 ||| STAIRDANCE
  6005 | D:6      | 6005 ||| UPGRADING to +1 robe of willpower.
  6015 | D:6      | 6015 ||| READING 4 scrolls of identify.
  6015 | D:6      | 6015 ||| IDENTIFYING fuming blue potion
  6016 | D:6      | 6016 ||| DROPPING potion of magic.
  6019 | D:7      | 6019 ||| STAIRDANCE
  6125 | D:7      | 6125 ||| Stepping ~*~*~tactically~*~*~ (cloud).
  6243 | D:7      | Noticed Duvessa
  6250 | D:7      | Noticed Dowan
  6253 | D:7      | Killed Duvessa
  6260 | D:7      | Killed Dowan
  6417 | D:7      | 6417 ||| UPGRADING to +0 steam dragon scales.
  6427 | D:7      | 6427 ||| DROPPING +0 ring mail.
  6428 | D:7      | 6428 ||| DROPPING +1 robe of willpower.
  6435 | D:8      | 6435 ||| PLANNING OSSUARY
  6538 | D:8      | Reached XP level 10. HP: 64/64 MP: 10/10
  6554 | D:8      | Found a sand-covered staircase.
  6573 | Ossuary  | Entered an ossuary
  6605 | Ossuary  | 6605 ||| Stepping ~*~*~tactically~*~*~ (water).
  6609 | Ossuary  | 6609 ||| Stepping ~*~*~tactically~*~*~ (water).
  6669 | Ossuary  | Reached skill level 12 in Ranged Weapons
  6976 | Ossuary  | 6976 ||| READING scroll labelled QIGAOS TIRE.
  6977 | Ossuary  | 6977 ||| READING 2 scrolls labelled DOROECL QOSEMP.
  6978 | Ossuary  | 6978 ||| READING scroll labelled ROUPIH WAYTH.
  6979 | Ossuary  | 6979 ||| DRINKING 2 clear potions.
  6980 | Ossuary  | 6980 ||| READING 5 scrolls of identify.
  6980 | Ossuary  | 6980 ||| IDENTIFYING dark potion
  6981 | Ossuary  | 6981 ||| READING 4 scrolls of identify.
  6981 | Ossuary  | 6981 ||| IDENTIFYING green potion
  6982 | Ossuary  | 6982 ||| DROPPING potion of degeneration.
  6983 | Ossuary  | 6983 ||| DROPPING potion of invisibility.
  6984 | Ossuary  | 6984 ||| DROPPING scroll of vulnerability.
  6985 | Ossuary  | 6985 ||| DROPPING potion of lignification.
  7001 | D:8      | 7001 ||| PLANNING D:1-11
  7057 | D:8      | 7057 ||| READING scroll of acquirement.
  7057 | D:8      | 7057 ||| ACQUIRING +0 pair of gloves of the Trees {Rampage
                  | rC+ Slay+3}
  7057 | D:8      | Acquired the +0 pair of gloves of the Trees {Rampage rC+
                  | Slay+3}
  7059 | D:8      | 7059 ||| UPGRADING to +0 pair of gloves of the Trees
                  | {Rampage rC+ Slay+3}.
  7091 | D:8      | 7091 ||| RETREEAATING.
  7092 | D:8      | 7092 ||| STILL RETREEAATING.
  7093 | D:8      | 7093 ||| Stepping ~*~*~tactically~*~*~ (retreating).
  7094 | D:8      | 7094 ||| Stepping ~*~*~tactically~*~*~ (retreating).
  7095 | D:8      | 7095 ||| Stepping ~*~*~tactically~*~*~ (retreating).
  7190 | D:8      | 7190 ||| SWAPPING to +0 orcbow.
  7191 | D:8      | 7191 ||| DROPPING +2 shortbow.
  7618 | D:8      | Found an iron altar of Okawaru.
  7619 | D:8      | 7619 ||| PLANNING OKAWARU WORSHIP
  7619 | D:8      | 7619 ||| UPGRADING to ring of fire.
  7630 | D:8      | Became a worshipper of Warmaster Okawaru
  7631 | D:8      | 7631 ||| PLANNING D:1-11
  7721 | D:9      | 7721 ||| RETREEAATING.
  7735 | D:9      | Reached skill level 13 in Ranged Weapons
  7797 | D:9      | Reached * piety under Okawaru
  7899 | D:9      | 7899 ||| INVOKING Heroism.
  7920 | D:9      | Found a staircase to the Orcish Mines.
  8081 | D:9      | Identified the +10 mace of Cheese {protect, Will+}
  8097 | D:9      | Reached skill level 1 in Invocations
  8217 | D:9      | 8217 ||| INVOKING Heroism.
  8456 | D:9      | 8456 ||| READING 5 scrolls of identify.
  8456 | D:9      | 8456 ||| IDENTIFYING inky potion
  8457 | D:9      | 8457 ||| DROPPING potion of berserk rage.
  8478 | D:10     | Entered Level 10 of the Dungeon
  8478 | D:10     | Noticed a purple ugly thing
  8479 | D:10     | 8479 ||| STAIRDANCE
  8496 | D:10     | 8496 ||| STAIRDANCE
  8508 | D:10     | 8508 ||| STAIRDANCE
  8517 | D:9      | 8517 ||| INVOKING Heroism.
  8530 | D:9      | Killed a purple ugly thing
  8531 | D:9      | Reached skill level 9 in Fighting
  8531 | D:9      | Reached skill level 3 in Invocations
  8531 | D:9      | Reached XP level 11. HP: 34/71 MP: 10/13
  8651 | D:10     | 8651 ||| STAIRDANCE
  8663 | D:10     | 8663 ||| STAIRDANCE
  8750 | D:10     | 8750 ||| STAIRDANCE
  8823 | D:10     | 8823 ||| INVOKING Heroism.
  8826 | D:10     | 8826 ||| STAIRDANCE
  8934 | D:10     | Found an ornate altar of the Wu Jian Council.
  8980 | D:10     | 8980 ||| INVOKING Heroism.
  9394 | D:10     | 9394 ||| READING scroll of enchant armour.
  9394 | D:10     | 9394 ||| ENCHANTING +0 steam dragon scales.
  9532 | D:10     | 9532 ||| INVOKING Heroism.
  9548 | D:10     | Noticed an oklob plant
  9549 | D:10     | 9549 ||| DROPPING +0 acid dragon scales.
  9550 | D:10     | 9550 ||| READING 4 scrolls of identify.
  9550 | D:10     | 9550 ||| IDENTIFYING bubbling silvery potion
  9552 | D:10     | 9552 ||| Stepping ~*~*~tactically~*~*~ (water).
  9705 | D:10     | 9705 ||| Stepping ~*~*~tactically~*~*~ (water).
  9826 | D:10     | HP: 1/71 [oklob plant/splash of acid (25)]
  9827 | D:10     | 9827 ||| READING scroll of teleportation.
  9827 | D:10     | Killed from afar by an oklob plant

Levels and vault maps discovered:
D:1:      dpeg_arrival_rhombi, layout_basic, nicolae_kite_square_tiling_tiny,
          wander_ebering_terrifying_dragon_lair
D:2:      layout_loops_ring, serial_shops, shop, shop
D:3:      layout_basic, minmay_circle_x
D:4:      layout_cave_pods, mainiacjoe_overflow_chevrons, lemuel_tele_altar,
          minmay_temple_entry_large_hall, uniq_edmund, uniq_robin
D:5:      layout_cave_pools, makhleb_heckhound_becter,
          grunt_temple_overflow_order_and_chaos_1, nicolae_shop_unique_rings
D:6:      layout_gridville, fedhas_altar_1, uniq_grinder, uniq_sigmund,
          uniq_pikel
D:7:      layout_gridville, nicolae_hepliaklqana_hazy_memory, uniq_duvessa
D:8:      layout_basic, okawaru_gym_becter, lightli_ossuary_entry_decrepit_ruins
D:9:      layout_loops_ring, orc_david_3
D:10:     layout_roguey, mainiacjoe_overflow_small_starburst,
          introduction_to_nature_2
Temple:   nicolae_temple_figure_eight

Skill      XL: |  1  2  3  4  5  6  7  8  9 10 11 |
---------------+----------------------------------+-----
Ranged Weapons | 5 6 7 8 10 11 13 | 13.6
Armour         | 1 2 4 |  4.0
Fighting       | 3 4 5 6 8 9 |  9.2
Dodging        | 2 3 4 |  4.0
Invocations    | 3 4 |  4.0
Stealth        | |  1.1

Action                     |  1- 3 |  4- 6 |  7- 9 | 10-12 || total
---------------------------+-------+-------+-------+-------++-------
   Fire: Shortbow          |   106 |   239 |   405 |   269 ||  1019
         Orcbow            |       |       |       |   243 ||   243
 Invoke: Heroism           |       |       |       |     6 ||     6
    Use: Scroll            |     7 |     8 |     6 |    10 ||    31
         Potion            |       |     3 |     1 |     1 ||     5
 Armour: Leather armour    |    18 |       |       |       ||    18
         Ring mail         |     1 |   111 |   212 |       ||   324
         Robe              |       |       |    13 |       ||    13
         Steam dragon scal |       |       |       |   218 ||   218
  Dodge: Dodged            |    27 |   101 |   163 |   226 ||   517

Table legend:
 A = Non-vault XP
 B = Vault XP
 C = Vault XP percentage of total XP
 D = Non-vault monster count
 E = Vault monster count
 F = Vault count percentage of total count
                 A         B        C        D         E       F
            +---------+---------+-------+---------+---------+-------
      Total |    7336 |    3697 |  33.5 |     219 |      81 |  27.0
            +---------+---------+-------+---------+---------+-------
        D:1 |      55 |       1 |   1.8 |      32 |       1 |   3.0
        D:2 |      67 |       0 |   0.0 |      24 |       0 |   0.0
        D:3 |      53 |       6 |  10.2 |      18 |       4 |  18.2
        D:4 |     385 |     207 |  35.0 |      28 |      12 |  30.0
        D:5 |     435 |      40 |   8.4 |      13 |       1 |   7.1
        D:6 |     632 |    1176 |  65.0 |      10 |       3 |  23.1
        D:7 |    1088 |     220 |  16.8 |      29 |       2 |   6.5
        D:8 |    1368 |       0 |   0.0 |      25 |       0 |   0.0
        D:9 |    2251 |     148 |   6.2 |      25 |       7 |  21.9
       D:10 |    1002 |     637 |  38.9 |      15 |      16 |  51.6
    Ossuary |       0 |    1262 | 100.0 |       0 |      35 | 100.0
            +---------+---------+-------+---------+---------+-------
